 Dungeon Crawl Stone Soup version 0.31-a0-806-g0bc164a743 (webtiles) character file.

Game seed: 15726652604968628016

28053 Joey1 the Severer (level 13, -1/115 HPs)
             Began as a Minotaur Fighter on Sept 20, 2023.
             Was the Champion of Okawaru.
             Slain by a ten-headed hydra (2 damage)
             ... on level 5 of the Lair of Beasts.
             The game lasted 00:27:06 (12140 turns).

Joey1 the Severer (Minotaur Fighter)               Turns: 12140, Time: 00:27:06

Health: -1/115     AC: 25    Str: 29    XL:     13   Next: 7%
Magic:  15/17      EV: 12    Int:  5    God:    Okawaru [******]
Gold:   1797       SH: 24    Dex: 16    Spells: 12/12 levels left

rFire   . . .        e - +2 broad axe (venom)
rCold   . . .        P - +2 tower shield
rNeg    . . .        D - +10 chain mail "Figgoe" {rPois Str+3}
rPois   +            (helmet restricted)
rElec   .            x - +0 cloak
rCorr   .            j - +0 pair of gloves
SInv    .            T - +0 pair of boots
Will    +....        (no amulet) Stlth
                     S - ring of willpower
HPRegen 0.39/turn    y - +6 ring of dexterity
MPRegen 0.15/turn

%: no passive effects
@: about to teleport, heroic, slowed, very slow
A: horns 2, retaliatory headbutt
a: Renounce Religion, Heroism, Finesse, Duel, Receive Weapon, Receive Armour


You were on level 5 of the Lair of Beasts.
You worshipped Okawaru.
Okawaru was exalted by your worship.
You visited 3 branches of the dungeon, and saw 14 of its levels.
You also visited: Ossuary.

You collected 1797 gold pieces.

Inventory:

Hand Weapons
 a - a +0 war axe
 e - a +2 broad axe of venom (weapon)
 J - a +0 flail of protection
 L - a +6 hand axe
 M - a +0 war axe of flaming
Missiles
 h - a throwing net
 V - 3 javelins
 X - a silver javelin
Armour
 j - a +0 pair of gloves (worn)
 x - a +0 cloak (worn)
 D - the +10 chain mail "Figgoe" (worn) {rPois Str+3}
   (You found it on level 4 of the Dungeon)

   Str+3:     It affects your strength (+3).
   rPois:     It protects you from poison
 P - a +2 tower shield (worn)
 T - a +0 pair of boots (worn)
Jewellery
 b - a +4 ring of protection
 g - a ring of fire
 t - a ring of see invisible
 y - a +6 ring of dexterity (right hand)
 I - a ring of positive energy
 O - a +5 ring of evasion
 S - a ring of willpower (left hand)
 U - a ring of fire
Wands
 c - a wand of paralysis (2)
 K - a wand of polymorph (6)
 Q - a wand of iceblast (5)
 Z - a wand of light (1)
Scrolls
 f - 4 scrolls of poison
 p - 3 scrolls of vulnerability
 q - 5 scrolls of teleportation
 r - 2 scrolls of noise
 u - a scroll of fog {unknown}
 F - 2 scrolls of amnesia
 G - a scroll of fear {unknown}
 H - 2 scrolls of silence {unknown}
 N - a scroll of butterflies {unknown}
 W - 2 scrolls of blinking {unknown}
Potions
 d - 3 potions of might
 i - a potion of enlightenment {unknown}
 k - 3 potions of haste
 l - 3 potions of brilliance
 n - 2 potions of magic {unknown}
 s - 4 potions of heal wounds
 v - 5 potions of curing
 w - a potion of resistance {unknown}
 z - 4 potions of attraction {unknown}
 A - a potion of degeneration {unknown}
 B - 2 potions of mutation {unknown}
 C - a potion of cancellation {unknown}
 E - a potion of ambrosia {unknown}
 R - 2 potions of invisibility {unknown}
 Y - a potion of berserk rage {unknown}


   Skills:
 + Level 10.9(15.9) Fighting
 + Level 16.5(21.5) Axes
 - Level 3.6(8.6) Armour
 - Level 3.0(8.0) Dodging
 + Level 15.5(20.5) Shields
 + Level 7.9 Invocations


You had 12 spell levels left.
You didn't know any spells.
Your spell library contained the following spells:

 Spells                   Type           Power      Damage    Failure   Level
 Apportation              Tloc           0%         N/A       96%         1
 Necrotise                Necr           0%         1d4       96%         1
 Ozocubu's Armour         Ice            0%         N/A       100%        3
 Fulminant Prism          Conj/Hex       0%         3d5       100%        4
 Metabolic Englaciation   Hex/Ice        0%         N/A       100%        5
 Summon Small Mammal      Summ           Unusable   N/A       N/A         1
 Call Canine Familiar     Summ           Unusable   N/A       N/A         3
 Summon Guardian Golem    Hex/Summ       Unusable   N/A       N/A         3
 Simulacrum               Ice/Necr       Unusable   N/A       N/A         6

Dungeon Overview and Level Annotations

Branches:
Dungeon (8/15)             Temple (1/1) D:6            Lair (5/5) D:8
  Swamp (0/4) Lair:2       Spider (0/4) Lair:3      Ossuary (visited)
  Slime: Lair:4-5

Altars:
Ashenzari
Cheibriados
Dithmenos
Elyvilon
Fedhas
Gozag
Hepliaklqana
Kikubaaqudgha
Makhleb
Nemelex Xobeh
Okawaru
Qazlal
Ru
Sif Muna
Trog
Vehumet
Wu Jian
Xom
Yredelemnul
Zin
The Shining One

Shops:
D:2 (


Innate Abilities, Weirdness & Mutations

You have a pair of horns on your head.
You reflexively headbutt those who attack you in melee.


Message History

The ten-headed hydra bites you!
* * * LOW HITPOINT WARNING * * *
The ten-headed hydra bites you but does no damage.
You block the ten-headed hydra's attack.
As you read the scroll of teleportation, it crumbles to dust.
You feel strangely unstable.
You block the ten-headed hydra's attack. x2
The ten-headed hydra bites you.
* * * LOW HITPOINT WARNING * * *
The ten-headed hydra bites you but does no damage.
You block the ten-headed hydra's attack.
The ten-headed hydra bites you.
* * * LOW HITPOINT WARNING * * *
The ten-headed hydra bites you but does no damage.
You block the ten-headed hydra's attack.
The ten-headed hydra barely misses you.
The ten-headed hydra completely misses you.
Okay, then.
You gain the combat prowess of a mighty hero.
You block the ten-headed hydra's attack.
The ten-headed hydra bites you but does no damage.
The ten-headed hydra closely misses you.
The ten-headed hydra bites you but does no damage.
The ten-headed hydra bites you.
* * * LOW HITPOINT WARNING * * *
The ten-headed hydra bites you!
* * * LOW HITPOINT WARNING * * *
You block the ten-headed hydra's attack. x2
The ten-headed hydra bites you but does no damage.
You block the ten-headed hydra's attack.
The wraith barely misses you.
The ten-headed hydra closely misses you.
The ten-headed hydra bites you but does no damage. x2
The ten-headed hydra bites you!
* * * LOW HITPOINT WARNING * * *
You block the ten-headed hydra's attack.
The ten-headed hydra bites you but does no damage. x2
The ten-headed hydra closely misses you.
The ten-headed hydra bites you.
You die...

.....#...######...#
#.##### ...
#......##...####...P.#
....#.......#....##.......
...P.......###...........#
............#...###...P...
#P..# #P..####..P..# ###.#
#....####.P...
..###.WD####P....†.......
......WW@........††......
P#..#.P#.......####.#..##
## ####..###.## #######
#### ###


You could see a ten-headed hydra (very poisoned) and 3 wraiths.

Vanquished Creatures
  4 death yaks (Lair:4)
  Amaemon (Lair:2)
  2 skysharks
  A pharaoh ant (Lair:2)
  2 bog bodies (Lair:2)
  Pikel (D:6)
  3 black mambas
  An orange demon (Lair:2)
  7 elephants
  9 cane toads
  3 rime drakes
  7 komodo dragons
  A polar bear (Lair:1)
  A troll (D:7)
  A hornet (D:6)
  A tarantella (Lair:3)
  11 blink frogs
  A jumping spider (Lair:3)
  A wyvern (Lair:4)
  The ghost of ratmeat3 the Changeling, an amateur TrSh (D:4)
  The ghost of Joey1 the Shield-Bearer, an amateur MiFi (D:4)
  2 steam dragons
  28 yaks
  A ynoxinul (D:7)
  2 basilisks (Lair:4)
  Edmund (D:6)
  2 swamp worms (Lair:2)
  8 water moccasins
  Duvessa (D:6)
  An ice beast (D:8)
  An orc warrior (D:7)
  A black bear (Lair:3)
  3 wolves (Lair:4)
  The ghost of sigtrap the Trooper, an amateur DgFi (D:4)
  An ogre (D:6)
  3 centaurs
  2 kobold brigands
  10 bullfrogs
  13 scorpions
  10 wights
  Dowan (D:6)
  A killer bee (D:7)
  2 electric eels
  A crimson imp (D:6)
  2 centaur zombies (Ossuary)
  2 hounds
  A gnoll bouda (D:7)
  3 human zombies (Ossuary)
  4 orc priests
  5 orc wizards
  4 iguanas
  3 scorpion zombies (Ossuary)
  A sleepcap (D:6)
  3 mummies (Ossuary)
  8 gnolls (D:7)
  7 adders
  2 white imps (D:7)
  An ufetubus (D:5)
  3 dart slugs
  3 worms (D:2)
  23 orcs
  9 bats
  10 endoplasms
  A giant cockroach (D:3)
  3 gnoll zombies (Ossuary)
  2 goblins
  6 hobgoblins
  7 jackals
  5 quokkas
  4 ball pythons
  3 frilled lizards
  3 goblin zombies (Ossuary)
  3 hobgoblin zombies (Ossuary)
  16 kobolds
  3 kobold zombies (Ossuary)
  2 orc zombies (Ossuary)
  7 rats
315 creatures vanquished.

Vanquished Creatures (others)
  A human (D:3)
1 creature vanquished.

Grand Total: 316 creatures vanquished

Notes
Turn   | Place    | Note
-------+----------+-------------------------------------------
     0 | D:1      | Joey1 the Minotaur Fighter began the quest for the Orb.
     0 | D:1      | Reached XP level 1. HP: 19/19 MP: 0/0
   185 | D:1      | Reached XP level 2. HP: 22/27 MP: 1/1
   303 | D:1      | Reached skill level 3 in Axes
   368 | D:1      | Reached skill level 1 in Dodging
   471 | D:2      | Found Cad Mais's Antique Weapon Boutique.
   481 | D:2      | Reached XP level 3. HP: 33/33 MP: 2/2
  1371 | D:2      | Reached XP level 4. HP: 35/40 MP: 3/3
  1692 | D:3      | Found a white marble altar of Elyvilon.
  1744 | D:3      | Reached skill level 4 in Axes
  1851 | D:3      | Found a faded altar of an unknown god.
  2017 | D:3      | Found an ancient bone altar of Kikubaaqudgha.
  2020 | D:3      | Noticed a human
  2021 | D:3      | Killed a human
  2087 | D:4      | Found a sand-covered staircase.
  2092 | Ossuary  | Entered an ossuary
  2101 | Ossuary  | Noticed a scorpion
  2108 | Ossuary  | Killed a scorpion
  2109 | Ossuary  | Reached XP level 5. HP: 47/47 MP: 4/4
  2148 | Ossuary  | Reached skill level 5 in Axes
  2189 | Ossuary  | Reached XP level 6. HP: 55/55 MP: 5/5
  2205 | Ossuary  | Reached skill level 5 in Fighting
  2205 | Ossuary  | Reached skill level 5 in Shields
  2222 | Ossuary  | Reached skill level 6 in Axes
  2262 | Ossuary  | Reached skill level 7 in Axes
  2262 | Ossuary  | Reached XP level 7. HP: 47/61 MP: 6/6
  2410 | Ossuary  | Reached skill level 8 in Axes
  2437 | Ossuary  | Reached skill level 9 in Axes
  2606 | Ossuary  | Reached XP level 8. HP: 68/68 MP: 7/7
  2795 | D:4      | Identified the +10 chain mail "Figgoe" {rPois Str+3}
  2872 | D:4      | Reached skill level 10 in Axes
  3140 | D:4      | Found a runed translucent gate.
  3140 | D:4      | Found a runed translucent gate.
  3142 | D:4      | Found a runed translucent gate.
  3144 | D:4      | Noticed sigtrap's ghost (amateur DgFi)
  3144 | D:4      | Noticed Joey1's ghost (amateur MiFi)
  3144 | D:4      | Noticed ratmeat3's ghost (amateur TrSh)
  3328 | D:4      | Killed ratmeat3's ghost
  3329 | D:4      | Reached skill level 11 in Axes
  3332 | D:4      | Killed sigtrap's ghost
  3345 | D:4      | Killed Joey1's ghost
  3404 | D:5      | Entered Level 5 of the Dungeon
  3468 | D:5      | Reached skill level 12 in Axes
  3521 | D:5      | Identified the +2 robe of Bitterness {rF+ rCorr Dex+6
                  | Stlth+}
  3879 | D:5      | Found a basalt altar of Yredelemnul.
  3881 | D:5      | Noticed a profane servitor
  3920 | D:5      | Found a glowing golden altar of the Shining One.
  3922 | D:5      | Noticed an angel
  4189 | D:6      | Noticed Duvessa
  4189 | D:6      | Noticed Dowan
  4200 | D:6      | Killed Duvessa
  4201 | D:6      | Reached XP level 9. HP: 74/74 MP: 8/8
  4206 | D:6      | Killed Dowan
  4228 | D:6      | Found a sparkling altar of Nemelex Xobeh.
  4242 | D:6      | Reached skill level 13 in Axes
  4443 | D:6      | Found a radiant altar of Vehumet.
  4586 | D:6      | Noticed Edmund
  4609 | D:6      | Killed Edmund
  4690 | D:6      | Found a burning altar of Makhleb.
  4690 | D:6      | Found a shimmering altar of Xom.
  4728 | D:6      | Reached skill level 14 in Axes
  4766 | D:6      | Found a staircase to the Ecumenical Temple.
  4766 | D:6      | Noticed Pikel
  4782 | D:6      | Killed Pikel
  4815 | D:6      | Reached skill level 15 in Axes
  4949 | D:6      | Identified a scroll of acquirement
  4952 | D:6      | Acquired 922 gold pieces
  5324 | D:7      | Reached XP level 10. HP: 81/81 MP: 9/9
  5518 | D:8      | Reached skill level 16 in Axes
  5567 | Temple   | Entered the Ecumenical Temple
  6157 | D:8      | Found a staircase to the Lair.
  6373 | D:8      | Found an iron altar of Okawaru.
  6382 | D:8      | Became a worshipper of Warmaster Okawaru
  6415 | D:8      | Found a shadowy altar of Dithmenos.
  6562 | D:8      | Found a bloodstained altar of Trog.
  6573 | D:8      | Found a shimmering blue altar of Sif Muna.
  6589 | D:8      | Got a glossy book
  6607 | D:8      | Found a blossoming altar of Fedhas.
  6717 | D:8      | Found a broken altar of Ashenzari.
  6735 | D:8      | Found a sacrificial altar of Ru.
  6856 | Lair:1   | Entered Level 1 of the Lair of Beasts
  7040 | Lair:1   | Reached * piety under Okawaru
  7242 | Lair:1   | Reached skill level 10 in Fighting
  7242 | Lair:1   | Reached skill level 1 in Invocations
  7253 | Lair:1   | Noticed a cane toad
  7260 | Lair:1   | Killed a cane toad
  7260 | Lair:1   | Reached ** piety under Okawaru
  7294 | Lair:1   | Noticed a cane toad
  7307 | Lair:1   | Killed a cane toad
  7470 | Lair:1   | Noticed a black mamba
  7478 | Lair:1   | Killed a black mamba
  7512 | Lair:1   | Reached skill level 5 in Invocations
  7512 | Lair:1   | Reached XP level 11. HP: 85/99 MP: 13/13
  7645 | Lair:1   | Reached *** piety under Okawaru
  8324 | Lair:2   | You fall into a shaft and drop 2 floors!
  8750 | Lair:3   | Reached **** piety under Okawaru
  8783 | Lair:3   | Reached ***** piety under Okawaru
  8784 | Lair:3   | Reached skill level 10 in Shields
  8980 | Lair:3   | Reached XP level 12. HP: 69/106 MP: 16/16
  9277 | Lair:2   | Received a gift from Okawaru
  9410 | Lair:2   | Noticed Amaemon
  9677 | Lair:2   | Killed Amaemon
  9920 | Lair:2   | Found a staircase to the Swamp.
 10224 | Lair:3   | Found a hole to the Spider Nest.
 10737 | Lair:2   | Received a gift from Okawaru
 11030 | Lair:3   | Reached skill level 15 in Shields
 11775 | Lair:5   | Entered Level 5 of the Lair of Beasts
 11776 | Lair:5   | Noticed a death yak
 11778 | Lair:5   | Noticed a death yak
 11779 | Lair:5   | Noticed a death yak
 11785 | Lair:5   | Noticed a death yak
 11792 | Lair:4   | Killed a death yak
 11796 | Lair:4   | Killed a death yak
 11891 | Lair:4   | Killed a death yak
 11895 | Lair:4   | Killed a death yak
 11955 | Lair:5   | Reached ****** piety under Okawaru
 12019 | Lair:5   | Reached XP level 13. HP: 114/114 MP: 17/17
 12140 | Lair:5   | HP: 1/115 [ten-headed hydra (11)]
 12140 | Lair:5   | Slain by a ten-headed hydra

Illustrated notes

Levels and vault maps discovered:
D:1:      mrwooster_arrival_arrow, layout_basic, minmay_indecisive_spiral
D:2:      layout_loops_corners, serial_forest, infiniplex_forest_clump_large,
          infiniplex_forest_clump_small, infiniplex_forest_side_room,
          infiniplex_forest_zigzag_1, infiniplex_forest_end_3,
          infiniplex_forest_lined_room_2, infiniplex_forest_clump_double,
          infiniplex_forest_end_1, serial_shops, nicolae_shop_window_shopping
D:3:      layout_loops_cross, elyvilon_altar_4, tgw_kikubaaqudgha,
          shapermc_ecumenical_altar_venn, minmay_misc_feat_more_columns,
          grunt_decor_clamped
D:4:      layout_basic, nicolae_ossuary_entry_plus, gammafunk_ghost_cemetery,
          nicolae_concentric_dashed_squares_mild, minmay_misc_feat_columns
D:5:      layout_loops_ring, grunt_temple_overflow_holy_war
D:6:      layout_rooms, amcnicky_altar_gilded, vehumet_crystals,
          grunt_temple_overflow_champion_of_chaos, minmay_temple_entry_hall,
          minmay_misc_feat_room, nicolae_underground_beach, uniq_edmund,
          uniq_duvessa, uniq_pikel
D:7:      layout_rooms, kennysheep_generic_room_3
D:8:      layout_cave_pools, nzn_overflow_gifts_of_might_and_magic,
          fedhas_ov_isle_minmay, kennysheep_mini_moat, marbit_many_paths,
          kennysheep_little_box, nicolae_dithmenos_through_a_glass_darkly
Temple:   nicolae_temple_stand_before_the_council
Lair:1:   layout_loops_ring
Lair:2:   layout_roguey, nicolae_swamp_entry_splash_gauntlet,
          serial_bayou_shore_b, uniq_amaemon
Lair:3:   layout_hall_layers, nicolae_spider_entry_lesser_pyramids,
          grunt_forest_large_clearings, lemuel_fruit_fields,
          serial_bayou_shore_a, lemuel_fruit_tree
Lair:4:   layout_small_grid
Lair:5:   minmay_lair_end_enchanted_forest, layout_regular_city,
          dpeg_slime_entry_enclosed, serial_bayou_pond_d, lemuel_fruit_fields,
          uniq_josephine

Skill      XL: |  1  2  3  4  5  6  7  8  9 10 11 12 |
---------------+-------------------------------------+-----
Axes           | 3 4 5 7 9 12 15 16 | 16.5
Dodging        | 1 2 3 |  3.0
Fighting       | 4 5 10 | 10.9
Shields        | 4 5 11 15 | 15.5
Invocations    | 5 7 |  7.9
Armour         | |  3.6

Action                     |  1- 3 |  4- 6 |  7- 9 | 10-12 | 13-15 || total
---------------------------+-------+-------+-------+-------+-------++-------
  Melee: War axe           |   110 |    99 |   289 |   441 |       ||   939
         Headbutt          |     9 |    15 |    64 |   124 |     4 ||   216
         Broad axe         |       |       |       |    32 |    20 ||    52
 Invoke: Heroism           |       |       |       |     2 |     1 ||     3
    Use: Scroll            |       |       |    13 |     9 |     1 ||    23
         Potion            |       |       |       |     1 |       ||     1
 Armour: Scale mail        |    31 |       |       |       |       ||    31
         Chain mail        |    49 |    77 |   160 |   311 |    55 ||   652
  Dodge: Dodged            |    50 |    42 |   101 |   184 |    22 ||   399
  Block: Buckler           |    29 |    22 |    54 |    84 |       ||   189
         Tower shield      |       |       |       |   100 |    40 ||   140

Table legend: (Time is in decaauts)
 A = Elapsed time spent in this place.
 B = Non-inter-level travel time spent in this place.
 C = Inter-level travel time spent in this place.
 D = Time resting spent in this place.
 E = Time spent auto-exploring this place.
 F = Levels seen in this place.
 G = Mean time per level.
                   A        B        C        D        E       F      G
               +--------+--------+--------+--------+--------+-----+--------+
         Total |  12094 |  11453 |    641 |   1601 |   7150 |  15 |  806.3 |
       Dungeon |   6258 |   5751 |    507 |    227 |   4341 |   8 |  782.2 |
        Temple |      9 |      5 |      4 |      0 |      0 |   1 |    9.0 |
          Lair |   5210 |   5081 |    129 |   1181 |   2804 |   5 | 1042.0 |
       Ossuary |    615 |    615 |      0 |    193 |      4 |   1 |  615.0 |
               +--------+--------+--------+--------+--------+-----+--------+

Top non-repeatable levels by time:
  Lair:2: 1784 daAuts
     D:2: 1270 daAuts
  Lair:3: 1139 daAuts
  Lair:1: 1054 daAuts
  Lair:4: 1030 daAuts
     D:6: 917 daAuts
     D:3: 831 daAuts
     D:4: 798 daAuts
     D:5: 707 daAuts
     D:7: 686 daAuts
 Ossuary: 615 daAuts
     D:8: 596 daAuts
     D:1: 450 daAuts
  Lair:5: 200 daAuts
  Temple: 9 daAuts
